 Dungeon Crawl Stone Soup version 0.21.1 (webtiles) character file.

112 teukkam the Conjurer (level 4, -11/38 HPs)
             Began as a Gnoll Wanderer on Feb 2, 2018.
             Was an Initiate of Vehumet.
             Mangled by an orc warrior
             ... wielding a +0 mace of draining
              (20 damage)
             ... on level 3 of the Dungeon.
             The game lasted 00:09:31 (2520 turns).

teukkam the Conjurer (Gnoll Wanderer)               Turns: 2520, Time: 00:09:32

Health: -11/38     AC:  3    Str: 13      XL:     4   Next: 93%
Magic:  6/6        EV: 11    Int: 13 (15) God:    Vehumet [......]
Gold:   142        SH:  0    Dex: 15 (16) Spells: 4/5 levels left

rFire    . . .     SeeInvis .   e - +0 dagger
rCold    . . .     Gourm    .   (no shield)
rNeg     . . .     Faith    .   k - +0 leather armour
rPois    .         Spirit   .   (no helmet)
rElec    .         Reflect  .   (no cloak)
rCorr    .         Harm     .   (no gloves)
MR       .....                  (no boots)
Stlth    +.........             (no amulet)
HPRegen  0.12/turn              (no ring)
MPRegen  0.10/turn              (no ring)

@: drained
A: distributed training, fangs 1, strong nose
a: Renounce Religion


You were on level 3 of the Dungeon.
You worshipped Vehumet.
Vehumet was noncommittal.
You were not hungry.

You visited 1 branch of the dungeon, and saw 4 of its levels.

You collected 142 gold pieces.

Inventory:

Hand Weapons
 e - a +0 dagger (weapon)
Missiles
 i - 2 throwing nets (quivered)
 r - 5 tomahawks
Armour
 d - a +0 robe
 k - a +0 leather armour (worn)
Wands
 j - a wand of flame (16)
Scrolls
 c - 2 scrolls of teleportation
 g - a scroll of fear {unknown}
 m - a scroll of blinking {unknown}
 n - 2 scrolls of enchant weapon {unknown}
 o - a scroll of random uselessness {unknown}
Potions
 h - a potion of degeneration
 p - 2 potions of might
 q - a potion of curing {unknown}
Books
 a - a book of Minor Magic

   Spells                             Type                      Level
   a - Magic Dart                     Conjuration                  1
   b - Blink                          Translocation                2
   c - Call Imp                       Summoning                    2
   d - Slow                           Hexes                        2
   e - Conjure Flame                  Conjuration/Fire             3
   f - Mephitic Cloud                 Conjuration/Poison/Air       3
 b - the Volume of the Blaze

   Spells                             Type                      Level
   a - Flame Tongue                   Conjuration/Fire             1
   b - Inner Flame                    Hexes/Fire                   3
Comestibles
 f - 9 rations
 l - a chunk of flesh


   Skills:
 + Level 4.7(3.5) Fighting
 + Level 1.2(0.2) Short Blades
 + Level 1.2(0.2) Long Blades
 + Level 1.2(0.2) Axes
 + Level 1.2(0.2) Maces & Flails
 + Level 2.8(1.7) Polearms
 + Level 1.2(0.2) Staves
 + Level 1.2(0.2) Slings
 + Level 1.2(0.2) Bows
 + Level 1.2(0.2) Crossbows
 + Level 2.8(1.7) Throwing
 + Level 1.2(0.2) Armour
 + Level 1.2(0.2) Dodging
 + Level 1.2(0.2) Stealth
 + Level 1.2(0.2) Shields
 + Level 1.2(0.2) Unarmed Combat
 + Level 1.2(0.2) Spellcasting
 + Level 5.5(4.3) Conjurations
 + Level 1.0(0.0) Hexes
 + Level 1.0(0.0) Charms
 + Level 1.0(0.0) Summonings
 + Level 1.0(0.0) Necromancy
 + Level 1.0(0.0) Translocations
 + Level 1.0(0.0) Transmutations
 + Level 3.9(2.8) Fire Magic
 + Level 1.0(0.0) Ice Magic
 + Level 1.0(0.0) Air Magic
 + Level 1.0(0.0) Earth Magic
 + Level 1.0(0.0) Poison Magic
 + Level 1.4(0.4) Invocations
 + Level 2.8(1.7) Evocations


You had 4 spell levels left.
You knew the following spells:

 Your Spells              Type           Power        Failure   Level  Hunger
a - Flame Tongue          Conj/Fire      #....        9%          1    ##.....


Dungeon Overview and Level Annotations

Branches:
Dungeon (4/15)
 Temple: D:4-7

Altars:
Nemelex Xobeh
Okawaru
Vehumet

Annotations:
D:3 Andry07's ghost, amateur GrFi
D:4 Dowan


Innate Abilities, Weirdness & Mutations

Your experience applies equally to all skills.
You have very sharp teeth.
Your uncanny sense of smell can sniff out nearby items.


Message History

You hit the orc warrior.
The orc warrior is almost dead.
The orc warrior hits you but does no damage.
You feel drained.
You hit the orc warrior but do no damage.
The orc warrior is almost dead.
The orc warrior hits you with a mace of draining.
* * * LOW HITPOINT WARNING * * *
You feel drained.
* * * LOW HITPOINT WARNING * * *
Your leather armour prevents you from hitting the orc warrior.
The orc warrior is almost dead.
The orc warrior closely misses you.
You hit the orc warrior.
The orc warrior is almost dead.
You closely miss the orc warrior.
The orc warrior is almost dead.
The orc warrior hits you with a mace of draining!!
Ouch! That really hurt!
You die...

#.##.#### ###
#..)..# # ..#
####..### #.#
######..... #.#
#......#### #.#
#.###### #.# #.#
..######.#####.#
.......@o......###
.........###.....#
.######### #.#.###
#######.#.########
#................#
#.#####.#.######.#
#.........# #.#
#######.### #.#
#.# ######.#


You could see an orc warrior.

Vanquished Creatures
  2 orc wizards (D:4)
  An adder (D:4)
  2 leopard geckos
  An orc (D:4)
  3 ball pythons
  4 bats
  2 giant cockroaches
  9 goblins
  3 hobgoblins
  3 jackals (D:4)
  A quokka (D:2)
  A frilled lizard (D:2)
  5 kobolds
  6 rats
43 creatures vanquished.

Notes
Turn   | Place    | Note
-------+----------+-------------------------------------------
     0 | D:1      | teukkam the Gnoll Wanderer began the quest for the Orb.
     0 | D:1      | teukkam set off with: a book of Minor Magic, the Volume of the Blaze, a scroll of teleportation, a +0 robe, a +0 dagger, a ration
     0 | D:1      | Reached XP level 1. HP: 20/20 MP: 2/2
     0 | D:1      | Identified the Volume of the Blaze
   398 | D:1      | Reached XP level 2. HP: 11/26 MP: 3/3
   401 | D:1      | Learned a level 1 spell: Flame Tongue
  1167 | D:2      | Found a sparkling altar of Nemelex Xobeh.
  1228 | D:2      | Reached XP level 3. HP: 31/31 MP: 4/4
  1966 | D:3      | Noticed Andry07's ghost (amateur GrFi)
  1991 | D:4      | Found a radiant altar of Vehumet.
  2054 | D:4      | Reached skill level 1 in Invocations
  2133 | D:4      | Became a worshipper of Vehumet
  2213 | D:3      | Found an iron altar of Okawaru.
  2456 | D:4      | Reached skill level 1 in Short Blades
  2456 | D:4      | Reached skill level 1 in Long Blades
  2456 | D:4      | Reached skill level 1 in Axes
  2456 | D:4      | Reached skill level 1 in Maces & Flails
  2456 | D:4      | Reached skill level 1 in Staves
  2456 | D:4      | Reached skill level 1 in Slings
  2456 | D:4      | Reached skill level 1 in Bows
  2456 | D:4      | Reached skill level 1 in Crossbows
  2456 | D:4      | Reached skill level 1 in Armour
  2456 | D:4      | Reached skill level 1 in Dodging
  2456 | D:4      | Reached skill level 1 in Stealth
  2456 | D:4      | Reached skill level 1 in Shields
  2456 | D:4      | Reached skill level 1 in Unarmed Combat
  2456 | D:4      | Reached skill level 1 in Spellcasting
  2456 | D:4      | Reached XP level 4. HP: 35/38 MP: 0/6
  2462 | D:4      | Reached skill level 1 in Hexes
  2462 | D:4      | Reached skill level 1 in Charms
  2462 | D:4      | Reached skill level 1 in Summonings
  2462 | D:4      | Reached skill level 1 in Necromancy
  2462 | D:4      | Reached skill level 1 in Translocations
  2462 | D:4      | Reached skill level 1 in Transmutations
  2462 | D:4      | Reached skill level 1 in Ice Magic
  2462 | D:4      | Reached skill level 1 in Air Magic
  2462 | D:4      | Reached skill level 1 in Earth Magic
  2462 | D:4      | Reached skill level 1 in Poison Magic
  2482 | D:4      | Noticed an orc warrior
  2485 | D:4      | Noticed Dowan
  2520 | D:3      | Mangled by an orc warrior

Skill      XL: |  1  2  3  4 |
---------------+-------------+-----
Invocations    | 1 |  1.4
Short Blades   | 1 |  1.2
Long Blades    | 1 |  1.2
Axes           | 1 |  1.2
Maces & Flails | 1 |  1.2
Staves         | 1 |  1.2
Slings         | 1 |  1.2
Bows           | 1 |  1.2
Crossbows      | 1 |  1.2
Armour         | 1 |  1.2
Dodging        | 1 |  1.2
Stealth        | 1 |  1.2
Shields        | 1 |  1.2
Unarmed Combat | 1 |  1.2
Spellcasting   | 1 |  1.2
Hexes          | 1 |  1.0
Charms         | 1 |  1.0
Summonings     | 1 |  1.0
Necromancy     | 1 |  1.0
Translocations | 1 |  1.0
Transmutations | 1 |  1.0
Ice Magic      | 1 |  1.0
Air Magic      | 1 |  1.0
Earth Magic    | 1 |  1.0
Poison Magic   | 1 |  1.0
Fighting       | |  4.7
Polearms       | |  2.8
Throwing       | |  2.8
Conjurations   | |  5.5
Fire Magic     | |  3.9
Evocations     | |  2.8

Action                   |  1- 3 |  4- 6 || total
-------------------------+-------+-------++-------
Melee: Dagger            |    88 |    22 ||   110
       Bite              |    12 |     3 ||    15
       Punch             |     1 |       ||     1
 Cast: Flame Tongue      |    38 |       ||    38
  Use: Potion            |     3 |       ||     3
 Stab: Sleeping          |     4 |       ||     4
  Eat: Chunk             |     6 |     1 ||     7
Armor: Robe              |     7 |       ||     7
       Leather armour    |     9 |     1 ||    10
Dodge: Dodged            |    64 |     7 ||    71
